 Dungeon Crawl Stone Soup version 0.28.0-47-ge53b351184 (webtiles) character file.

Game seed: 13133988162539835276

41115 bobregger the Bludgeoner (level 14, -20/148 HPs)
             Began as an Ogre Berserker on May 5, 2022.
             Was an Elder of Trog.
             Killed from afar by a deep troll earth mage (33 damage)
             ... with a blast of rock fragments
             ... on level 12 of the Dungeon.
             The game lasted 00:26:15 (24884 turns).

bobregger the Bludgeoner (Ogre Berserker)          Turns: 24884, Time: 00:26:15

Health: -20/148    AC:  8    Str: 30    XL:     14   Next: 14%
Magic:  12/12      EV: 29    Int:  8    God:    Trog [****..]
Gold:   1075       SH:  0    Dex: 12    Spells: 13/13 levels left

rFire   . . .      SeeInvis .   e - +2 giant spiked club (venom)
rCold   . . .      Faith    .   (shield currently unavailable)
rNeg    . . .      Spirit   .   f - +1 troll leather armour
rPois   .          Reflect  .   (helmet restricted)
rElec   .          Harm     .   c - +0 cloak
rCorr   .          Rampage  .   (gloves unavailable)
Will    +....                   (boots unavailable)
Stlth   +.........              i - amulet of the acrobat
HPRegen 1.14/turn               p - +6 ring of strength
MPRegen 0.13/turn               b - +4 ring of evasion

@: acrobatic
A: large, unfitting armour, tough skin 1, low MP 1, screaming 1, shaggy fur 1,
wild magic 1
a: Renounce Religion, Berserk, Trog's Hand, Brothers in Arms


You were on level 12 of the Dungeon.
You worshipped Trog.
Trog was greatly pleased with you.
You visited 2 branches of the dungeon, and saw 16 of its levels.
You also visited: Volcano.

You collected 1075 gold pieces.

Inventory:

Hand Weapons
 e - a +2 giant spiked club of venom (weapon)
Missiles
 h - 3 throwing nets
Armour
 c - a +0 cloak (worn)
 f - a +1 troll leather armour (worn)
Jewellery
 b - a +4 ring of evasion (right hand)
 i - an amulet of the acrobat (around neck)
 j - a ring of protection from cold
 m - an amulet of guardian spirit
 p - a +6 ring of strength (left hand)
 w - a ring of protection from fire
Wands
 o - a wand of flame (14)
 q - a wand of digging (9)
Scrolls
 a - 8 scrolls of identify
 d - a scroll of immolation
 g - 6 scrolls of teleportation (quivered)
 n - 3 scrolls of magic mapping
 s - 3 scrolls of vulnerability
Potions
 k - a potion of cancellation
 l - 2 potions of might
 r - 2 potions of curing
 t - a potion of ambrosia
 u - 2 potions of magic
 v - 3 potions of degeneration {unknown}


   Skills:
 - Level 11.9 Fighting
 + Level 20.0 Maces & Flails
 - Level 2.6 Dodging


You had 13 spell levels left.
You didn't know any spells.
Your spell library was empty.

Dungeon Overview and Level Annotations

Branches:
Dungeon (12/15)            Temple (0/1) D:5            Lair (4/6) D:11
  Swamp (0/4) Lair:4        Snake (0/4) Lair:2      Volcano (visited)
    Orc: D:9-12

Altars:
Cheibriados
Gozag
Kikubaaqudgha
Nemelex Xobeh
Wu Jian
Zin
The Shining One
Jiyva
Lugonu

Shops:
D:5 *   D:8 [   D:12 !

Annotations:
D:9 2 transporters
D:10 2 transporters, Pemander's ghost, novice FeEn


Innate Abilities, Weirdness & Mutations

You are too large for most types of armour.
You have tough skin. (AC +1)
Your magical capacity is low. (-10% MP)
You occasionally shout uncontrollably at your foes.
You are covered in fur. (AC +1)
Your spells are a little harder to cast, but a little more powerful.


Message History

You hear a roar!
You hear a shout! x2
A centaur comes into view.
It is wielding a +0 club and carrying a wand of paralysis (1).
A deep elf zephyrmancer comes into view.
It is wielding a +0 spear.
The howler monkey closely misses you.
You impale the howler monkey!!
You kill the howler monkey!
Trog accepts your kill.
The centaur unwields a +0 club.
The centaur wields a +0 shortbow.
The centaur shoots an arrow.
The arrow completely misses you.
The howler monkey hits you but does no damage.
The deep troll earth mage barely misses you.
The deep troll earth mage claws you! The deep troll earth mage claws you.
You barely miss the deep troll earth mage.
The centaur shoots an arrow.
The arrow hits you.
The howler monkey hits you but does no damage.
The deep troll earth mage bites you! The deep troll earth mage claws you!
The deep troll earth mage claws you.
The centaur shoots an arrow.
The arrow hits you but does no damage.
An eight-headed hydra comes into view.
You perforate the deep troll earth mage like a sieve!!!
The deep troll earth mage is almost dead.
The deep elf zephyrmancer gestures at you while chanting.
The bolt of lightning hits the howler monkey!!
The howler monkey dies!
The bolt of lightning hits you!
The centaur shoots an arrow.
The arrow hits you.
You completely miss the deep troll earth mage.
The deep troll earth mage is almost dead.
The deep troll earth mage bites you!! The deep troll earth mage claws you. x2
The deep troll earth mage points next to you and mumbles some strange words.
The wall shatters!
The blast of rock fragments hits you!!!
* * * LOW HITPOINT WARNING * * *
The deep elf zephyrmancer casts a spell.
The deep elf zephyrmancer blinks!
The deep troll earth mage gestures next to you while chanting.
The wall shatters!
The blast of rock fragments hits you!
* * * LOW HITPOINT WARNING * * *
The deep troll earth mage casts a spell next to you.
The wall shatters!
The blast of rock fragments hits you!!
You die...

..........................#....##
#............##'##.........#.#.#
##...........##.##...........#.#
##....##.....#...#.....##....#.#
#....####....#...#....####.....#
....## ##...#...#...## ##....#
...## ##..#...#..## #... ...##
#...#.## ##...## ....## #..@###
.##.....# ....[## #....##
..##......# ......##
##....#'..##.......# .......#
##..T.# ........# ........#
##D...## ......... .########
#'....########..# .##......
.##...)...).##..# .'....... .
##......)..'..# .##...... ..
##.......##.##


You could see an eight-headed hydra and a deep troll earth mage.

Vanquished Creatures
  A stone giant (Volcano)
  6 hydras
  A boulder beetle (D:12)
  2 two-headed ogres
  A centaur warrior (D:12)
  A deep troll earth mage (D:12)
  5 death yaks
  2 bog bodies (Lair:4)
  Pikel (D:6)
  A phantasmal warrior (D:12)
  A cyclops (D:11)
  3 black mambas
  3 gargoyles
  2 molten gargoyles (Volcano)
  4 cane toads
  An unseen horror (D:10)
  2 rime drakes (Lair:4)
  3 komodo dragons
  An efreet (Volcano)
  A polar bear (Lair:4)
  6 trolls
  A hornet (D:9)
  A slime creature (D:10)
  A centaur simulacrum (D:12)
  2 wyverns
  2 wraiths
  A vampire (D:9)
  A fire bat (Volcano)
  A basilisk (Lair:2)
  3 steam dragons
  27 yaks
  2 nagas (Lair:2)
  An acid dragon (D:12)
  Duvessa (D:6)
  2 hell hounds (Lair:4)
  12 water moccasins
  2 sky beasts
  5 orc warriors
  4 ice beasts
  A necrophage (D:7)
  2 ogres (D:5)
  19 wolves
  A boggart (D:12)
  3 centaurs
  A phantom (D:7)
  A lemure (D:6)
  Blork the orc (D:4)
  A kobold brigand (D:9)
  8 bullfrogs
  3 earth elementals (Volcano)
  2 scorpions
  A water moccasin zombie (D:6)
  A wyvern zombie (D:5)
  Dowan (D:6)
  3 killer bees (D:7)
  2 howler monkeys
  4 hounds
  7 lava snakes (Volcano)
  A bullfrog zombie (D:6)
  2 centaur zombies
  5 jellies
  5 orc priests
  A bullfrog skeleton (D:6)
  A centaur skeleton (D:6)
  Crazy Yiuf (D:7)
  2 iguanas
  7 orc wizards
  A howler monkey zombie (D:6)
  6 gnolls
  11 adders
  An ufetubus (D:6)
  An adder skeleton (D:5)
  5 worms
  A dart slug (D:1)
  32 orcs
  2 ball pythons
  6 endoplasms
  2 giant cockroaches
  5 goblins
  7 hobgoblins
  9 jackals (D:1)
  10 kobolds
  A quokka (D:3)
  2 frilled lizards (D:1)
  7 rats
313 creatures vanquished.

Vanquished Creatures (others)
  A tengu conjurer (D:12)
  A howler monkey (D:12)
  6 fungi (Lair:2)
  8 plants
16 creatures vanquished.

Grand Total: 329 creatures vanquished

Notes
Turn   | Place    | Note
-------+----------+-------------------------------------------
     0 | D:1      | bobregger the Ogre Berserker began the quest for the Orb.
     0 | D:1      | Reached XP level 1. HP: 24/24 MP: 1/1
    88 | D:1      | Found a faded altar of an unknown god.
   278 | D:1      | Reached skill level 3 in Maces & Flails
   280 | D:1      | Reached XP level 2. HP: 25/32 MP: 2/2
   916 | D:1      | Reached XP level 3. HP: 17/39 MP: 3/3
  1616 | D:2      | Reached skill level 4 in Maces & Flails
  2223 | D:2      | Reached XP level 4. HP: 32/48 MP: 4/4
  2678 | D:2      | Identified the +5 dagger "Uless" {speed, rCorr Str+8
                  | Stlth+}
  3717 | D:3      | Reached ** piety under Trog
  3893 | D:3      | Reached skill level 5 in Maces & Flails
  3997 | D:3      | Reached XP level 5. HP: 45/54 MP: 5/5
  4484 | D:4      | Noticed Blork the orc
  4496 | D:4      | Killed Blork the orc
  5108 | D:4      | Found an ancient bone altar of Kikubaaqudgha.
  5109 | D:4      | Found a glowing golden altar of the Shining One.
  5434 | D:5      | Entered Level 5 of the Dungeon
  5437 | D:5      | Noticed an ice beast
  5445 | D:5      | Killed an ice beast
  5446 | D:5      | Reached skill level 6 in Maces & Flails
  5446 | D:5      | Reached XP level 6. HP: 62/62 MP: 6/6
  5671 | D:5      | HP: 4/93 [wyvern zombie (2)]
  6200 | D:5      | Found an opulent altar of Gozag.
  6248 | D:5      | Reached skill level 7 in Maces & Flails
  6248 | D:5      | Reached XP level 7. HP: 70/70 MP: 7/7
  6284 | D:5      | Found Gozag's Platinum Reserve.
  6314 | D:5      | Found a staircase to the Ecumenical Temple.
  6599 | D:5      | HP: 4/105 [ogre/+0 giant club (21)]
  6603 | D:5      | Reached skill level 8 in Maces & Flails
  7281 | D:6      | Reached XP level 8. HP: 49/78 MP: 8/8
  7553 | D:6      | Reached skill level 9 in Maces & Flails
  7908 | D:6      | Noticed Duvessa
  7914 | D:6      | Gained mutation: Your magical capacity is low. (-10% MP)
                  | [potion of mutation]
  7914 | D:6      | Gained mutation: You occasionally shout uncontrollably at
                  | your foes. [potion of mutation]
  7914 | D:6      | Gained mutation: Your spells are a little harder to cast,
                  | but a little more powerful. [potion of mutation]
  7914 | D:6      | Gained mutation: You are covered in fur. (AC +1) [potion of
                  | mutation]
  7974 | D:6      | Killed Duvessa
  7988 | D:6      | Noticed Dowan
  9319 | D:5      | Reached skill level 10 in Maces & Flails
  9643 | D:6      | Noticed a troll
  9647 | D:6      | Noticed a wraith
  9673 | D:6      | Killed a wraith
  9680 | D:6      | Killed a troll
  9681 | D:6      | Reached XP level 9. HP: 84/84 MP: 8/8
  9868 | D:6      | Reached skill level 11 in Maces & Flails
 10498 | D:6      | Identified the +1 whip "Demon's Death Toll" {drain, rF+
                  | Int-5 Dex+4 Stlth+}
 10550 | D:6      | Noticed a two-headed ogre
 10561 | D:6      | Killed a two-headed ogre
 10562 | D:6      | Reached skill level 12 in Maces & Flails
 10785 | D:6      | Killed Dowan
 12214 | D:7      | Noticed Pikel
 12270 | D:6      | Killed Pikel
 12271 | D:6      | Reached XP level 10. HP: 92/92 MP: 9/9
 12374 | D:7      | Reached skill level 13 in Maces & Flails
 12930 | D:7      | Found a runed translucent door.
 12931 | D:7      | Noticed Crazy Yiuf
 12935 | D:7      | Killed Crazy Yiuf
 13938 | D:8      | Found Duam's Armour Shop.
 14493 | D:9      | Paralysed by a hornet for 2 turns
 14503 | D:9      | Reached skill level 14 in Maces & Flails
 14830 | D:9      | Found a glowing silver altar of Zin.
 14831 | D:9      | Found a snail-covered altar of Cheibriados.
 15037 | D:9      | Noticed a green ugly thing
 15038 | D:9      | Found a corrupted altar of Lugonu.
 15038 | D:9      | Found a transporter.
 15151 | D:9      | Found a transporter.
 15153 | D:9      | Noticed a purple ugly thing
 15154 | D:9      | Noticed a red ugly thing
 15265 | D:9      | Found an ornate altar of the Wu Jian Council.
 15423 | D:10     | Entered Level 10 of the Dungeon
 15486 | D:10     | Killed an unseen horror
 15740 | D:10     | Reached skill level 15 in Maces & Flails
 15740 | D:10     | Reached XP level 11. HP: 100/100 MP: 9/9
 15823 | D:10     | Found a viscous altar of Jiyva.
 15888 | D:10     | Found a transporter.
 16151 | D:10     | Noticed Pemander's ghost (novice FeEn)
 16191 | D:10     | Found a transporter.
 16580 | D:11     | Found a staircase to the Lair.
 16751 | D:11     | Noticed a cyclops
 16757 | D:11     | Killed a cyclops
 16967 | Lair:1   | Entered Level 1 of the Lair of Beasts
 17071 | Lair:1   | Reached skill level 16 in Maces & Flails
 18186 | Lair:1   | Reached XP level 12. HP: 132/132 MP: 10/10
 18601 | Lair:2   | Noticed an eight-headed hydra
 18617 | Lair:2   | Killed an eight-headed hydra
 18763 | Lair:2   | Found a staircase to the Snake Pit.
 18763 | Lair:2   | Noticed a five-headed hydra
 18776 | Lair:2   | Killed a five-headed hydra
 18929 | Lair:2   | Reached skill level 17 in Maces & Flails
 19096 | Lair:2   | Reached *** piety under Trog
 19112 | Lair:2   | Noticed a death yak
 19119 | Lair:2   | Noticed a death yak
 19120 | Lair:2   | Noticed a death yak
 19121 | Lair:2   | Noticed a death yak
 19123 | Lair:2   | Noticed a death yak
 19129 | Lair:1   | Killed a death yak
 19130 | Lair:1   | Reached XP level 13. HP: 139/139 MP: 11/11
 19752 | Lair:3   | HP: 3/139 [steam dragon (7)]
 20667 | Lair:2   | Reached skill level 18 in Maces & Flails
 21382 | Lair:4   | Found a dark tunnel.
 21401 | Volcano  | Entered a volcano
 21841 | Volcano  | Found a radiant altar of Vehumet.
 22029 | Volcano  | Noticed a stone giant
 22038 | Volcano  | Killed a stone giant
 22267 | Lair:4   | Found a staircase to the Swamp.
 22601 | Lair:4   | Reached skill level 19 in Maces & Flails
 22972 | Lair:4   | Identified the +5 scale mail "Voekhl Watih" {rPois rCorr
                  | Dex+4}
 23918 | D:12     | Found Gagoin's Distillery.
 23979 | D:12     | Reached **** piety under Trog
 24083 | D:12     | Reached XP level 14. HP: 148/148 MP: 12/12
 24653 | D:12     | Reached skill level 20 in Maces & Flails
 24671 | D:12     | Found a sparkling altar of Nemelex Xobeh.
 24884 | D:12     | Killed from afar by a deep troll earth mage

Illustrated notes

Levels and vault maps discovered:
D:1:      dpeg_arrival_arbitrary_b, layout_loops_corners,
          shapermc_ecumenical_altar_mp_ritualfount, minivault_4, minivault_27,
          minmay_misc_feat_x, minmay_misc_feat_rugged
D:2:      layout_loops_corners
D:3:      layout_rooms
D:4:      layout_basic, gammafunk_temple_overflow_pools, uniq_blork_the_orc
D:5:      layout_basic, nicolae_gozag_zags_fifth_avenue,
          minmay_temple_entry_glass, nicolae_wormholes
D:6:      minmay_chambers_of_sixes, layout_basic, kennysheep_cross_bottleneck,
          uniq_duvessa
D:7:      layout_rooms, uniq_pikel, uniq_crazy_yiuf_cottage
D:8:      layout_basic, serial_shops, shop, minmay_misc_feat_four_crosses
D:9:      gammafunk_corrupted_shrine, layout_loops_ring,
          mainiacjoe_overflow_divided_tiny, lemuel_round_altar
D:10:     layout_basic, gammafunk_ghost_hive, jiyva_altar_1
D:11:     layout_irregular_city, david_lair_shrubbed
D:12:     minmay_octo_star, layout_loops_corners, orc_0_dummy, serial_shops,
          shop, nemelex_diamond_rough_becter
Lair:1:   layout_hall_layers, wad_woods_03, serial_bayou_shore_a,
          grunt_megastairs_2
Lair:2:   layout_gridlike, guppyfry_snake_entry_island,
          infiniplex_staircase_pool, serial_bayou_shore_b, grunt_megastairs_1,
          serial_bayou_shore_b
Lair:3:   layout_hall_layers, serial_bayou_shore_b
Lair:4:   layout_loops_ring, skrybe_swamp_entry_bodies, enter_volcano_3,
          small_statue_intersection, serial_bayou_pond_d,
          eino_small_chamber_without_monster, serial_bayou_pond_e, minivault_11,
          fungi_pond_lemuel, bh_autumn_forest_stairs

Skill      XL: |  1  2  3  4  5  6  7  8  9 10 11 12 13 14 |
---------------+-------------------------------------------+-----
Maces & Flails | 3 4 5 6 7 8 10 12 15 16 17 19 20 | 20.0
Fighting       | 11 | 11.9
Dodging        | |  2.6

Action                   |  1- 3 |  4- 6 |  7- 9 | 10-12 | 13-15 || total
-------------------------+-------+-------+-------+-------+-------++-------
Melee: Mace              |    95 |   123 |   127 |       |       ||   345
       Punch             |       |     1 |     1 |       |       ||     2
       Flail             |       |       |    49 |       |       ||    49
       Giant spiked club |       |       |    31 |   334 |   273 ||   638
       Whip              |       |       |    14 |       |       ||    14
Invok: Berserk           |     1 |     6 |    12 |    12 |     8 ||    39
       Trog's Hand       |       |     1 |     2 |     1 |     1 ||     5
  Use: Potion            |       |       |     8 |     4 |     2 ||    14
       Scroll            |       |       |    12 |    11 |     5 ||    28
 Stab: Invisible         |       |       |     2 |       |       ||     2
Armor: Animal skin       |    33 |    33 |    35 |    37 |       ||   138
       Skin              |       |       |    18 |       |       ||    18
       Troll leather arm |       |       |       |   108 |    87 ||   195
Dodge: Dodged            |    64 |    70 |   121 |   286 |   271 ||   812
